 Dungeon Crawl Stone Soup version 0.30-a0-972-gf3ab3527aa (webtiles) character file.

Game seed: 6814002524679303096

117019 Dirian the Warrior (level 16, -1/162 HPs)
             Began as a Minotaur Fighter on Mar 30, 2023.
             Was the Champion of Makhleb.
             Slain by a hell knight
             ... wielding a +2 demon trident of flaming
              (2 damage)
             ... on level 15 of the Dungeon on Mar 31, 2023.
             The game lasted 01:28:59 (22244 turns).

Dirian the Warrior (Minotaur Fighter)              Turns: 22244, Time: 01:29:00

Health: -1/162     AC: 29    Str: 28    XL:     16   Next: 22%
Magic:  23/23      EV:  7    Int:  8    God:    Makhleb [******]
Gold:   1865       SH: 15    Dex: 17    Spells: 15/15 levels left

rFire   . . .      SeeInvis .    b - +9 scimitar (flame)
rCold   . . .      Faith    .    A - +2 kite shield {rPois}
rNeg    . . .      Spirit   .    N - +0 plate armour
rPois   +          Reflect  .    U - +0 hat {Will+}
rElec   +          Rampage  .    S - +1 cloak {Will+}
rCorr   .                        i - +2 pair of gloves
Will    ++++.                    X - +1 pair of boots of Yfemurph {rElec Str+3 Int+3 Dex+3} Stlth
                                 (no amulet)
HPRegen 0.47/turn                E - +4 ring of protection
MPRegen 0.18/turn                k - ring of willpower

@: no status effects
A: horns 2, retaliatory headbutt
a: Renounce Religion, Minor Destruction, Lesser Servant of Makhleb, Major
Destruction, Greater Servant of Makhleb


You were on level 15 of the Dungeon.
You worshipped Makhleb.
Makhleb was exalted by your worship.
You visited 4 branches of the dungeon, and saw 23 of its levels.
You also visited: Gauntlet and Volcano.

You collected 1919 gold pieces.
You spent 54 gold pieces at shops.

Inventory:

Hand Weapons
 b - a +9 scimitar of flaming (weapon)
 f - a +4 scimitar of flaming
Missiles
 a - a boomerang of dispersal
 D - 9 boomerangs (quivered)
 H - 5 javelins
 L - a throwing net
 Y - 2 silver javelins
Armour
 i - a +2 pair of gloves (worn)
 A - a +2 kite shield of poison resistance (worn)
 N - a +0 plate armour (worn)
 S - a +1 cloak of willpower (worn)
 U - a +0 hat of willpower (worn)
 X - the +1 pair of boots of Yfemurph (worn) {rElec Str+3 Int+3 Dex+3}
   (You found it in a Gauntlet)

   Str:       It affects your strength (+3).
   Int:       It affects your intelligence (+3).
   Dex:       It affects your dexterity (+3).
   rElec:     It insulates you from electricity.
 Z - a +2 tower shield
Jewellery
 k - a ring of willpower (right hand)
 x - a ring of fire
 E - a +4 ring of protection (left hand)
 K - the ring "Juekuos" {+Blink Fly Str+3 Int-5 Slay+4}
   (You took it off a minotaur in a Gauntlet)

   [ring of slaying]

   Str:       It affects your strength (+3).
   Int:       It affects your intelligence (-5).
   Slay:      It affects your accuracy & damage with ranged weapons and melee
   (+4).
   Fly:       It grants you flight.
   +Blink:    It lets you blink.
 W - a ring of protection from cold
Wands
 c - a wand of flame (24)
 e - a wand of charming (21)
 v - a wand of digging (13)
 I - a wand of iceblast (14)
 P - a wand of mindburst (6)
 Q - a wand of acid (10)
Scrolls
 g - 2 scrolls of fear
 l - 3 scrolls of magic mapping
 r - 9 scrolls of identify
 t - 7 scrolls of teleportation
 y - 2 scrolls of enchant armour
 z - 3 scrolls of blinking
 B - 4 scrolls of enchant weapon
 F - 5 scrolls of fog
 G - 9 scrolls of poison
 J - 4 scrolls of immolation
 M - 3 scrolls of butterflies
 R - a scroll of silence
Potions
 d - a potion of might
 h - 6 potions of haste
 j - 2 potions of magic
 n - 2 potions of resistance
 o - a potion of invisibility
 p - 3 potions of cancellation
 q - 6 potions of curing
 s - 5 potions of flight
 u - a potion of attraction
 w - 3 potions of heal wounds
 C - 3 potions of mutation
 O - 4 potions of lignification
 T - a potion of ambrosia
 V - a potion of berserk rage


   Skills:
 + Level 20.0 Fighting
 - Level 16.0 Long Blades
 * Level 8.2 Throwing
 - Level 15.0 Armour
 + Level 11.9 Shields
 * Level 11.6 Invocations
 + Level 0.1 Evocations


You had 15 spell levels left.
You didn't know any spells.
Your spell library contained the following spells:

 Spells                   Type           Power      Damage    Failure   Level
 Foxfire                  Conj/Fire      0%         2x1d2     99%         1
 Lesser Beckoning         Tloc           0%         N/A       100%        2
 Gell's Gravitas          Tloc           0%         N/A       100%        3
 Ignite Poison            Fire/Tmut/Pois 0%         N/A       100%        3
 Kindle Blastsparks       Fire/Tloc/Air  0%         2d10      100%        3
 Teleport Other           Tloc           0%         N/A       100%        3
 Animate Dead             Necr           0%         N/A       100%        4
 Olgreb's Toxic Radiance  Pois           0%         N/A       100%        4
 Summon Ice Beast         Ice/Summ       0%         N/A       100%        4
 Borgnjor's Vile Clutch   Necr/Erth      0%         N/A       100%        5
 Fireball                 Conj/Fire      0%         3d3       100%        5
 Freezing Cloud           Conj/Ice/Air   0%         6-21      100%        5
 Summon Mana Viper        Hex/Summ       0%         N/A       100%        5
 Death Channel            Necr           0%         N/A       100%        6
 Starburst                Conj/Fire      0%         6d3       100%        6
 Monstrous Menagerie      Summ           0%         N/A       100%        7
 Ozocubu's Refrigeration  Ice            0%         4d7       100%        7
 Borgnjor's Revivificati  Necr           0%         N/A       100%        8
 Ignition                 Fire           0%         3d3       100%        8
 Necromutation            Tmut/Necr      0%         N/A       100%        8
 Chain Lightning          Conj/Air       0%         N/A       100%        9
 Death's Door             Necr           0%         N/A       100%        9
 Fire Storm               Conj/Fire      0%         5d1       100%        9
 Shatter                  Erth           0%         3d5*      100%        9


Dungeon Overview and Level Annotations

Branches:
Dungeon (15/15) Zot: 26730  Temple (1/1) D:6 Zot: 5783    Lair (5/5) D:8 Zot: 23779
  Swamp (0/4) Lair:3        Snake (0/4) Lair:3        Slime (0/5) Lair:5
    Orc (2/2) D:10 Zot: 10310     Elf (0/3) Orc:2        Vaults (0/5) D:14
 Depths (0/4) D:15        Volcano (visited)         Gauntlet (visited)

Altars:
Ashenzari
Cheibriados
Dithmenos
Elyvilon
Fedhas
Gozag
Hepliaklqana
Kikubaaqudgha
Makhleb
Nemelex Xobeh
Okawaru
Qazlal
Ru
Sif Muna
Trog
Uskayaw
Vehumet
Wu Jian
Xom
Yredelemnul
Zin
The Shining One
Jiyva

Shops:
D:15 (   Orc:2 [([(

Annotations:
D:8 need rElec
D:10 need SInv
Lair:3 1 exclusion


Innate Abilities, Weirdness & Mutations

You have a pair of horns on your head.
You reflexively headbutt those who attack you in melee.


Message History

The tengu warrior is severely wounded.
You block the tengu warrior's attack. The tengu warrior barely misses you.
The tengu warrior claws you but does no damage.
The hell knight hits you but does no damage.
You closely miss the tengu warrior.
The tengu warrior is severely wounded.
The tengu warrior hits you with a +0 great sword!
* * * LOW HITPOINT WARNING * * *
You block the tengu warrior's attack.
The tengu warrior claws you but does no damage.
The hell knight prays to its god.
The hell knight seems to speed up.
You slice the tengu warrior!! You burn the tengu warrior.
You kill the tengu warrior!
Makhleb accepts your kill.
You feel better.
The hell knight hits you but does no damage.
The hell knight hits your neqoxec with a +2 demon trident of flaming!!
The hell knight burns your neqoxec.
Your neqoxec hits the hell knight!
The hell knight hits your neqoxec with a +2 demon trident of flaming!!
The hell knight burns your neqoxec.
Your neqoxec dies!
Your neqoxec disappears in a puff of smoke!
A demon appears!
A demon appears!
The hell knight hits you but does no damage.
You block the hell knight's attack.
Your smoke demon hits the hell knight but does no damage.
Your smoke demon closely misses the hell knight.
Your smoke demon hits the hell knight but does no damage.
The hell knight hits you from afar with a +2 demon trident of flaming!
* * * LOW HITPOINT WARNING * * *
The hell knight burns you.
* * * LOW HITPOINT WARNING * * *
Your smoke demon hits the hell knight.
Your smoke demon hits the hell knight but does no damage. x2
The hell knight hits you from afar with a +2 demon trident of flaming!
* * * LOW HITPOINT WARNING * * *
The hell knight burns you.
You die...

. .#. . #...#..#.# .. # #..
#...+..#.# ..#. #.# ##
#...#....# ..# #.##...
#...#....# ####.####......
#...#....#
#>..#.....#########'##.##.#
#....)#...#3...........##.#
#...#.#...)..4#...........#
#.#.
..#...#)p.@...........# .#.
...#.3.#...............# #
#####...#......#####....#
#....#.####.#...#..#.#
#....#......#...#..#.#
######......#...#..#.#
#......#...#....#
########...#....#
#...#))..#


You could see a hell knight (fast, ally target), a friendly hellwing (summoned)
and a friendly smoke demon (summoned).

Vanquished Creatures
  Gastronok (D:11)
  Kirke (D:12)
  The ghost of Sume the Fighter, a journeyman OgEE of Ru (Lair:4)
  A stone giant (Volcano)
  3 dire elephants (Lair:5)
  A minotaur (Gauntlet)
  Snorg (Lair:3)
  A green death (Gauntlet)
  The ghost of caveywoolpert the Geomancer, a journeyman GrEE of Sif Muna (Lair:4)
  An ettin (Orc:1)
  Josephine (D:11)
  7 vault guards (D:14)
  Fannar (Lair:3)
  7 hydras
  4 ogre magi (Orc:2)
  5 centaur warriors
  23 two-headed ogres
  3 boulder beetles
  Erica (Lair:2)
  A hell hog (Gauntlet)
  3 tengu warriors (D:15)
  4 death yaks (Lair:4)
  A spectral death yak (Lair:5)
  A fire crab (Lair:5)
  A spectral anaconda (Lair:5)
  A skyshark (Lair:5)
  A wizard (D:15)
  A lindwurm (Lair:4)
  2 bog bodies (Lair:3)
  2 orc knights
  2 obsidian statues
  4 necromancers (Lair:5)
  12 ugly things
  20 elephants
  5 cyclopes
  A dire elephant zombie (Lair:5)
  A guardian serpent (shapeshifter) (D:14)
  5 black mambas
  A gargoyle (Volcano)
  6 torpor snails
  A dire elephant skeleton (Lair:5)
  16 cane toads
  4 rime drakes
  3 efreet
  A kobold demonologist (D:12)
  15 komodo dragons
  2 tengu conjurers (D:13)
  2 polar bears (Lair:4)
  8 trolls
  3 meliai (D:15)
  2 dream sheep (Lair:4)
  5 hornets
  Prince Ribbit (Lair:3)
  10 blink frogs
  A culicivora (shapeshifter) (D:13)
  2 spectral elephants (Lair:5)
  Sigmund (D:6)
  11 slime creatures
  A shadow (D:10)
  A centaur simulacrum (D:14)
  44 yaks
  A dire elephant simulacrum (Lair:5)
  8 fire bats
  6 wraiths
  7 basilisks
  6 wyverns
  A fire elemental (Volcano)
  2 hogs (D:12)
  14 vampire mosquitoes
  2 death yak simulacra (Lair:5)
  3 steam dragons
  A spectral cane toad (Lair:5)
  4 wargs
  2 acid dragons
  2 nagas (Lair:3)
  17 water moccasins
  2 hell hounds (Gauntlet)
  Duvessa (D:7)
  17 orc warriors
  26 ogres
  A sky beast (D:7)
  2 elephant zombies (Lair:5)
  6 black bears
  14 wolves
  9 centaurs
  3 phantoms
  2 kobold brigands
  5 bullfrogs
  4 cane toad simulacra (Lair:5)
  3 scorpions
  11 wights
  Dowan (D:7)
  2 elephant simulacra (Lair:5)
  2 killer bees (Lair:3)
  3 howler monkeys
  6 lava snakes (Volcano)
  3 jellies (D:7)
  A gnoll bouda (D:10)
  13 orc priests
  5 hounds
  Crazy Yiuf (D:7)
  A sleepcap (D:5)
  6 iguanas
  15 orc wizards
  5 gnolls (D:10)
  5 adders
  2 shadow imps
  3 white imps
  An ufetubus (D:5)
  3 worms
  2 dart slugs
  67 orcs
  4 endoplasms
  3 giant cockroaches
  4 hobgoblins
  20 kobolds
  2 quokkas
  7 ball pythons
  5 bats
  3 frilled lizards
  13 goblins
  4 rats
667 creatures vanquished.

Vanquished Creatures (collateral kills)
  An ettin (D:15)
  Maurice (D:11)
2 creatures vanquished.

Vanquished Creatures (others)
  An elephant skeleton (Lair:5)
  2 bushes (D:10)
  20 fungi
  35 plants
  38 withered plants
96 creatures vanquished.

Grand Total: 765 creatures vanquished

Notes
Turn   | Place    | Note
-------+----------+-------------------------------------------
     0 | D:1      | Dirian the Minotaur Fighter began the quest for the Orb.
     0 | D:1      | Reached XP level 1. HP: 19/19 MP: 0/0
    94 | D:1      | Reached XP level 2. HP: 27/27 MP: 1/1
   337 | D:1      | Reached skill level 4 in Fighting
   388 | D:1      | Reached XP level 3. HP: 26/33 MP: 2/2
  1063 | D:2      | Found a bloodstained altar of Trog.
  1263 | D:3      | Reached XP level 4. HP: 32/40 MP: 3/3
  2064 | D:3      | Reached XP level 5. HP: 47/47 MP: 4/4
  2398 | D:4      | Reached skill level 5 in Armour
  2708 | D:4      | Reached skill level 5 in Long Blades
  2708 | D:4      | Reached XP level 6. HP: 46/53 MP: 5/5
  2889 | D:4      | Reached skill level 5 in Fighting
  3055 | D:4      | Found a glowing golden altar of the Shining One.
  3211 | D:5      | Entered Level 5 of the Dungeon
  3238 | D:5      | Reached XP level 7. HP: 61/61 MP: 6/6
  3311 | D:5      | Reached skill level 5 in Shields
  3575 | D:5      | Reached skill level 6 in Fighting
  3746 | D:5      | Reached XP level 8. HP: 62/70 MP: 7/7
  4034 | D:5      | Found a broken altar of Ashenzari.
  4034 | D:5      | Found a shimmering blue altar of Sif Muna.
  4099 | D:5      | Noticed a troll
  4130 | D:5      | Killed a troll
  4188 | D:6      | Found a staircase to the Ecumenical Temple.
  4199 | Temple   | Entered the Ecumenical Temple
  4397 | Temple   | Became a worshipper of Makhleb the Destroyer
  4649 | D:6      | Noticed Sigmund
  4709 | D:6      | Killed Sigmund
  4710 | D:6      | Reached skill level 7 in Fighting
  4926 | D:7      | Noticed Dowan
  4947 | D:7      | Killed Dowan
  4948 | D:7      | Noticed Duvessa
  4966 | D:7      | Killed Duvessa
  4967 | D:7      | Reached XP level 9. HP: 25/79 MP: 8/8
  5186 | D:7      | Reached skill level 10 in Long Blades
  5357 | D:7      | Found a runed translucent door.
  5358 | D:7      | Noticed Crazy Yiuf
  5365 | D:7      | Killed Crazy Yiuf
  5441 | D:7      | Identified the +0 short sword of Gravity {freeze, Int+2}
  5674 | D:7      | Identified the +7 sling "Wonit" {heavy, +Blink Stlth+}
  5676 | D:7      | Found a bloodstained altar of Trog.
  5801 | D:7      | Reached * piety under Makhleb
  6002 | D:8      | Reached skill level 8 in Fighting
  6521 | D:8      | Reached XP level 10. HP: 84/90 MP: 9/9
  6823 | D:8      | Reached ** piety under Makhleb
  6824 | D:8      | Reached skill level 1 in Invocations
  7076 | D:8      | Found a staircase to the Lair.
  7124 | D:8      | need rElec
  7317 | D:9      | Reached skill level 9 in Fighting
  7353 | D:9      | Noticed a two-headed ogre
  7381 | D:9      | Killed a two-headed ogre
  8164 | D:10     | Entered Level 10 of the Dungeon
  8217 | D:10     | Found a white marble altar of Elyvilon.
  8241 | D:10     | Reached skill level 10 in Armour
  8366 | D:10     | Reached XP level 11. HP: 44/99 MP: 13/13
  8386 | D:10     | Reached skill level 10 in Fighting
  8585 | D:10     | Found a shimmering altar of Xom.
  8610 | D:10     | Found a staircase to the Orcish Mines.
  8923 | D:10     | Noticed a two-headed ogre
  8924 | D:10     | Noticed a two-headed ogre
  8957 | D:10     | Killed a two-headed ogre
  8981 | D:10     | Killed a two-headed ogre
  8982 | D:10     | Reached skill level 5 in Invocations
  8998 | D:10     | Noticed a boulder beetle
  9026 | D:10     | HP: 4/101 [boulder beetle (16)]
  9032 | D:10     | Killed a boulder beetle
  9033 | D:10     | Reached skill level 1 in Throwing
  9188 | D:10     | Noticed a two-headed ogre
  9201 | D:10     | Killed a two-headed ogre
  9202 | D:10     | Reached skill level 11 in Fighting
  9233 | D:10     | Noticed a two-headed ogre
  9261 | D:10     | Killed a two-headed ogre
  9261 | D:10     | Reached *** piety under Makhleb
  9552 | Lair:1   | Entered Level 1 of the Lair of Beasts
  9614 | Lair:1   | Reached skill level 12 in Fighting
  9663 | Lair:1   | Reached XP level 12. HP: 109/112 MP: 15/15
 10017 | Lair:1   | Reached skill level 13 in Fighting
 10720 | Lair:2   | Noticed Erica
 10765 | Lair:2   | Killed Erica
 11082 | Lair:3   | Reached **** piety under Makhleb
 11098 | Lair:3   | Reached skill level 14 in Fighting
 11181 | Lair:3   | Found a staircase to the Snake Pit.
 11196 | Lair:3   | Found a staircase to the Swamp.
 11427 | Lair:3   | Noticed Prince Ribbit
 11432 | Lair:3   | Killed Prince Ribbit
 11433 | Lair:3   | Noticed Snorg
 11453 | Lair:3   | Killed Snorg
 11642 | Lair:3   | Noticed Fannar
 11657 | Lair:3   | Killed Fannar
 11781 | Lair:3   | Found a snail-covered altar of Cheibriados.
 11791 | Lair:3   | Reached XP level 13. HP: 119/125 MP: 18/18
 11851 | Lair:3   | Reached skill level 15 in Fighting
 12845 | Lair:3   | Upgraded the game from 0.30-a0-964-gd452b5e7fa to
                  | 0.30-a0-972-gf3ab3527aa
 13199 | Lair:4   | Reached ***** piety under Makhleb
 13494 | Lair:4   | Found a runed translucent gate.
 13494 | Lair:4   | Found a runed translucent gate.
 13495 | Lair:4   | Found a runed translucent gate.
 13497 | Lair:4   | Noticed caveywoolpert's ghost (journeyman GrEE)
 13497 | Lair:4   | Noticed Sume's ghost (journeyman OgEE)
 13517 | Lair:4   | Killed caveywoolpert's ghost
 13518 | Lair:4   | Reached skill level 16 in Fighting
 13535 | Lair:4   | Killed Sume's ghost
 13686 | Lair:5   | Entered Level 5 of the Lair of Beasts
 13694 | Lair:5   | Reached skill level 15 in Armour
 13757 | Lair:5   | Found a dark tunnel.
 13767 | Volcano  | Entered a volcano
 13918 | Volcano  | Noticed a stone giant
 13921 | Volcano  | Found a burning altar of Makhleb.
 13931 | Volcano  | Killed a stone giant
 14346 | Lair:5   | Reached XP level 14. HP: 127/138 MP: 20/20
 14635 | Lair:5   | Reached skill level 17 in Fighting
 14665 | Lair:5   | Found a staircase to the Slime Pits.
 14668 | Lair:5   | Found a viscous altar of Jiyva.
 15331 | Lair:5   | Reached skill level 10 in Invocations
 15411 | Lair:5   | Reached skill level 5 in Throwing
 15444 | Lair:5   | Reached ****** piety under Makhleb
 16211 | Lair:5   | Reached skill level 18 in Fighting
 16211 | Lair:5   | Reached skill level 10 in Shields
 16446 | Orc:1    | Entered Level 1 of the Orcish Mines
 17061 | Orc:2    | Entered Level 2 of the Orcish Mines
 17229 | Orc:2    | Found a staircase to the Elven Halls.
 17744 | Orc:2    | Reached XP level 15. HP: 128/145 MP: 21/21
 18035 | Orc:2    | Found Neeschom's Antique Armour Boutique.
 18035 | Orc:2    | Found Mofexkug's Armour Shoppe.
 18035 | Orc:2    | Found Ahasamuf's Antique Weapon Emporium.
 18035 | Orc:2    | Found Xoxety's Weapon Boutique.
 18061 | Orc:2    | Reached skill level 15 in Long Blades
 18080 | Orc:2    | Bought a +0 kite shield for 54 gold pieces
 18225 | D:11     | Noticed Maurice
 18232 | D:11     | Killed Maurice
 18436 | D:11     | Found a sparkling altar of Nemelex Xobeh.
 18438 | D:11     | Found a shimmering altar of Xom.
 18438 | D:11     | Found a hide-covered altar of Uskayaw.
 18439 | D:11     | Noticed Gastronok
 18440 | D:11     | Found a shimmering altar of Xom.
 18440 | D:11     | Found a burning altar of Makhleb.
 18440 | D:11     | Found a shimmering altar of Xom.
 18452 | D:11     | Killed Gastronok
 18453 | D:11     | Reached skill level 19 in Fighting
 18684 | D:11     | Noticed Josephine
 18692 | D:11     | Killed Josephine
 19136 | D:12     | Noticed Kirke
 19154 | D:12     | Killed Kirke
 19529 | D:13     | Found a gate leading to a gauntlet.
 19537 | Gauntlet | Entered a Gauntlet
 19537 | Gauntlet | Found a transporter.
 19537 | Gauntlet | Found a transporter.
 19537 | Gauntlet | Found a transporter.
 19537 | Gauntlet | Found a transporter.
 19541 | Gauntlet | Found a transporter.
 19541 | Gauntlet | Found a transporter.
 19551 | Gauntlet | Found a transporter.
 19555 | Gauntlet | Found a transporter.
 19569 | Gauntlet | Found a transporter.
 19669 | Gauntlet | Found a transporter.
 19670 | Gauntlet | Found a transporter.
 19679 | Gauntlet | Found a transporter.
 19744 | Gauntlet | Paralysed by a hornet for 3 turns
 19932 | Gauntlet | Identified the amulet "Beuf" {Faith Str+5 Dex-5}
 19975 | Gauntlet | Identified the +1 pair of boots of Yfemurph {rElec Str+3
                  | Int+3 Dex+3}
 20176 | Gauntlet | Identified the ring "Juekuos" {+Blink Fly Str+3 Int-5
                  | Slay+4}
 21361 | D:14     | Reached XP level 16. HP: 162/162 MP: 23/23
 21809 | D:14     | Found a gate to the Vaults.
 21964 | D:15     | Entered Level 15 of the Dungeon
 22166 | D:15     | Found Ivecsaf's Weapon Emporium.
 22215 | D:15     | Found a staircase to the Depths.
 22220 | D:15     | Reached skill level 20 in Fighting
 22244 | D:15     | HP: 1/162 [hell knight/+2 demon trident of flaming (12)]
 22244 | D:15     | Slain by a hell knight

Illustrated notes

#.....................#
#.....................#
#...........P.........#
#............P........#
#........P.♣...P......#
###.......P......+#####
#...P...PP............#
'.......♣.P.P..P......#
#.....P..>P.....@.....#
#..P........P.........#
#+....PP...♣.P........#
#.#.............####'##
..#.....P...P.♣.......#
..#...................#
..#.......PP.P........#
..#...................#
..#.....#.............#


Turn 7124 on D:8: need rElec

Levels and vault maps discovered:
D:1:      giann_horns, layout_loops_ring
D:2:      minmay_alternating_diamond, layout_rooms, basic_altar,
          kennysheep_potato
D:3:      layout_loops_cross, serial_co_window_serial, co_window_corner_a,
          co_window_corner_a, co_window_paths_a, co_window_paths_b,
          co_window_paths_a, co_window_of_opportunity_a, co_window_paths_a,
          co_window_of_opportunity_a, co_window_corner_a, co_window_corner_b,
          co_window_corner_b, co_window_of_opportunity_b,
          co_window_unsneaky_path_e, co_window_broadway_c, glass_columns_a,
          glass_columns_b, glass_columns_b, glass_columns_a,
          minmay_misc_feat_more_columns
D:4:      layout_loops_ring, overflow_temple_1_default
D:5:      layout_cave_pools, amethyst_overflow_temple_binary,
          lightli_corner_chamber
D:6:      layout_cave_pools, minmay_temple_entry_wispy, uniq_sigmund
D:7:      minmay_angry_zag, layout_basic, kennysheep_mini, nrook_campfire,
          uniq_duvessa, uniq_crazy_yiuf_cottage
D:8:      layout_gridville, chei_slow_surprise, minmay_lair_entry_grove,
          serial_bayou, serial_bayou_shore_b, serial_bayou_ford_a,
          serial_bayou_pond_c, serial_bayou_pond_d, serial_bayou_lake_a,
          serial_bayou_pond_e, minmay_misc_feat_five
D:9:      layout_loops_corners, kennysheep_decorative_pillar
D:10:     nzn_winding_woodlands_small [nzn_winding_woodlands_5x15_default,
          nzn_winding_woodlands_center_pierced_h,
          nzn_winding_woodlands_5x15_sawtooth], layout_gridville,
          elyvilon_altar_3, mainiacjoe_overflow_boulevard, orc_0_dummy
D:11:     layout_gridville, doesnt_xom_only_xom, uniq_josephine, uniq_maurice,
          uniq_gastronok
D:12:     layout_roguey, uniq_kirke
D:13:     layout_loops_corners, gauntlet_entry_generic
D:14:     layout_irregular_city, erik_vaults_2
D:15:     hangedman_depths_entry_civil_slaughter, layout_stronghold,
          minmay_misc_feat_iff, serial_shops, nicolae_shop_bloodbath_and_beyond
Temple:   bh_familiar_temple
Lair:1:   layout_roguey, st_stairs_8, beast_lair_carwin_7
Lair:2:   layout_cave_shapes, uniq_erica
Lair:3:   regret_index_combs_of_tragedy, layout_layer_cave,
          skrybe_swamp_entry_bodies, guppyfry_snake_entry_island,
          kennysheep_snail_temple, infiniplex_staircase_pool_2, uniq_fannar,
          uniq_prince_ribbit2, uniq_snorg
Lair:4:   layout_big_grid, gammafunk_ghost_cemetery, amcnicky_mini_pool_medium,
          lemuel_fruit_fields, lemuel_fruit_tree
Lair:5:   due_jungle_book, layout_cave_pods, slime_entry_1,
          nicolae_volcano_entry_hallway
Orc:1:    layout_caves
Orc:2:    st_orc_ogre_mass, layout_caves

Skill      XL: |  1  2  3  4  5  6  7  8  9 10 11 12 13 14 15 16 |
---------------+-------------------------------------------------+-----
Armour         | 4 5 6 7 8 10 11 13 15 | 15.0
Shields        | 4 5 6 7 8 10 11 | 11.9
Fighting       | 4 5 6 7 8 9 12 14 16 18 19 20 | 20.0
Long Blades    | 3 4 5 6 7 9 11 13 14 15 16 | 16.0
Invocations    | 4 6 8 9 10 11 | 11.6
Throwing       | 1 3 5 7 8 |  8.2
Evocations     | |  0.1

Action                     |  1- 3 |  4- 6 |  7- 9 | 10-12 | 13-15 | 16-18 || total
---------------------------+-------+-------+-------+-------+-------+-------++-------
  Melee: Long sword        |    99 |   118 |   252 |   544 |       |       ||  1013
         Headbutt          |    18 |    22 |    49 |   146 |   340 |    30 ||   605
         Scimitar          |       |       |       |    94 |  1265 |   125 ||  1484
  Throw: Boomerang         |       |       |       |     9 |    19 |     2 ||    30
 Invoke: Lesser Servant of |       |       |       |       |     5 |     6 ||    11
  Evoke: Wand              |       |       |     1 |       |       |       ||     1
    Use: Scroll            |       |    12 |     6 |    10 |     7 |       ||    35
         Potion            |       |     5 |     2 |     4 |     3 |       ||    14
   Stab: Distracted        |       |       |       |       |     1 |       ||     1
 Armour: Scale mail        |    42 |    50 |    54 |       |       |       ||   146
         Skin              |       |       |     6 |    32 |       |       ||    38
         Chain mail        |       |       |   113 |   238 |   316 |       ||   667
         Plate armour      |       |       |       |       |   335 |   112 ||   447
  Dodge: Dodged            |    38 |    42 |    67 |   139 |   326 |    40 ||   652
  Block: Buckler           |    29 |    26 |    83 |   170 |   252 |       ||   560
         Kite shield       |       |       |       |       |   160 |   107 ||   267

Table legend: (Time is in decaauts)
 A = Elapsed time spent in this place.
 B = Non-inter-level travel time spent in this place.
 C = Inter-level travel time spent in this place.
 D = Time resting spent in this place.
 E = Time spent auto-exploring this place.
 F = Levels seen in this place.
 G = Mean time per level.
                   A        B        C        D        E       F      G
               +--------+--------+--------+--------+--------+-----+--------+
         Total |  21807 |  20770 |   1037 |   1505 |   9826 |  25 |  872.3 |
       Dungeon |  12663 |  12065 |    598 |    922 |   5866 |  15 |  844.2 |
        Temple |    216 |    170 |     46 |      0 |    168 |   1 |  216.0 |
          Lair |   6220 |   5889 |    331 |    340 |   2636 |   5 | 1244.0 |
  Orcish Mines |   1689 |   1627 |     62 |      0 |    837 |   2 |  844.5 |
       Volcano |    375 |    375 |      0 |      0 |    180 |   1 |  375.0 |
      Gauntlet |    641 |    641 |      0 |    243 |    139 |   1 |  641.0 |
               +--------+--------+--------+--------+--------+-----+--------+

Top non-repeatable levels by time:
  Lair:5: 2122 daAuts
  Lair:3: 1794 daAuts
     D:7: 1390 daAuts
    D:10: 1343 daAuts
     D:3: 1188 daAuts
     D:9: 1017 daAuts
     D:4: 983 daAuts
    D:14: 972 daAuts
   Orc:1: 949 daAuts
     D:8: 887 daAuts
  Lair:2: 836 daAuts
     D:5: 818 daAuts
  Lair:4: 811 daAuts
    D:13: 806 daAuts
     D:1: 782 daAuts
